 Seeded DCSS version 0.30.0-30-g96aa6591b8 (webtiles) character file.

Game seed: 5262528099854255737 (custom seed)

427 CInkIbrahim the Slasher (level 6, -8/30 HPs)
             Began as a Vine Stalker Gladiator on June 28, 2023.
             Killed from afar by Pikel (11 damage)
             ... with a bolt of acid
             ... on level 4 of the Dungeon.
             The game lasted 00:08:13 (2563 turns).

CInkIbrahim the Slasher (Vine Stalker Gladiator)    Turns: 2563, Time: 00:08:14

Health: -8/30      AC:  7    Str: 22    XL:     6   Next: 97%
Magic:  0/7        EV: 12    Int:  8    God:
Gold:   122        SH:  0    Dex: 18    Spells: 5/5 levels left

rFire   + + .        g - +0 short sword (vamp)
rCold   + + .        (no shield)
rNeg    . . .        j - +1 ring mail {rF+}
rPois   +            c - +0 helmet
rElec   .            s - scarf {rC+ rF+}
rCorr   .            (no gloves)
SInv    .            p - +3 pair of mountain boots {steadfast, rC+}
Will    .....        (no amulet)
Stlth   +            i - ring of poison resistance
HPRegen 1.05/turn    n - +6 ring of strength
MPRegen 0.10/turn

%: guardian spirit
@: corroded
A: fangs 2, regeneration 1, magic shield, antimagic bite, no potion heal 2
a: no special abilities


You were on level 4 of the Dungeon.
You visited 1 branch of the dungeon, and saw 4 of its levels.
You also visited: Sewer.

You collected 274 gold pieces.
You spent 152 gold pieces at shops.

Inventory:

Hand Weapons
 a - a +0 long sword
 g - a +0 vampiric short sword (weapon)
Missiles
 d - 3 throwing nets (quivered)
 e - a javelin
Armour
 b - a +0 leather armour
 c - a +0 helmet (worn)
 j - a +1 ring mail of fire resistance (worn)
 l - a +1 cloak
 p - the +3 pair of mountain boots (worn) {steadfast, rC+}
   (You acquired it on level 2 of the Dungeon)

   Steadfast: It prevents involuntary movement, except for blinking,
   teleportation, or banishment.
   rC:        It protects you from cold.
 s - a scarf of resistance (worn)
Jewellery
 i - a ring of poison resistance (left hand)
 n - a +6 ring of strength (right hand)
Wands
 u - a wand of charming (11)
Scrolls
 o - a scroll of immolation {unknown}
 q - 2 scrolls of fear {unknown}
 t - a scroll of amnesia {unknown}
 w - a scroll of enchant armour {unknown}
 y - 3 scrolls of fog {unknown}
Potions
 f - a potion of haste {unknown}
 h - a potion of might
 k - 3 potions of curing
 m - a potion of heal wounds {unknown}
 v - a potion of magic {unknown}
 x - a potion of berserk rage {unknown}
 z - 2 potions of lignification {unknown}
 A - a potion of brilliance {unknown}
 B - a potion of resistance {unknown}


   Skills:
 - Level 1.7 Fighting
 + Level 6.9 Long Blades
 - Level 1.7 Throwing
 - Level 2.4 Dodging


You had 5 spell levels left.
You didn't know any spells.
Your spell library contained the following spells:

 Spells                   Type           Power      Damage    Failure   Level
 Apportation              Tloc           0%         N/A       56%         1
 Necrotise                Necr           0%         1d4       56%         1
 Summon Small Mammal      Summ           0%         N/A       56%         1
 Animate Dead             Necr           0%         N/A       100%        4
 Haunt                    Necr/Summ      0%         N/A       100%        7
 Infestation              Necr           0%         N/A       100%        8


Dungeon Overview and Level Annotations

Branches:
Dungeon (4/15)              Sewer (visited)
 Temple: D:4-7

Altars:

Shops:
D:1 :   D:2 [

Annotations:
D:4 Pikel


Innate Abilities, Weirdness & Mutations

You have extremely sharp teeth.
Your natural rate of healing is unusually fast.
When hurt, damage is shared between your health and your magic reserves.
Your bite disrupts and absorbs the magic of your enemies.
Potions cannot restore your health.


Message History

Pikel zaps a wand.
The bolt of acid misses you.
You hit Pikel but do no damage. You bite Pikel. You drain his power.
Pikel is heavily wounded.
You hit Pikel but do no damage. You bite Pikel. You drain his power.
Pikel is heavily wounded.
Pikel misses you.
You closely miss Pikel.
Pikel is heavily wounded.
Pikel closely misses you.
You hit Pikel but do no damage.
Pikel is heavily wounded.
Pikel zaps a wand.
The bolt of acid hits you! The acid corrodes you!
You miss Pikel.
Pikel is heavily wounded.
Pikel hits you with a +1 whip of freezing!
You are too injured to fight recklessly!
You hit Pikel but do no damage.
Pikel is heavily wounded.
You hit Pikel but do no damage. You punch Pikel, but do no damage.
Your bite misses Pikel.
Pikel is heavily wounded.
Pikel barely misses you.
You completely miss Pikel.
Pikel is heavily wounded.
Pikel barely misses you.
You hit Pikel.
You feel better.
Your bite misses Pikel.
Pikel is severely wounded.
Pikel hits you with a +1 whip of freezing!
* * * LOW HITPOINT WARNING * * *
Pikel freezes you.
* * * LOW HITPOINT WARNING * * *
You hit Pikel but do no damage. You bite Pikel, but do no damage.
Pikel is severely wounded.
Pikel hits you with a +1 whip of freezing.
* * * LOW HITPOINT WARNING * * *
Unknown command.
Okay, then.
Pikel attacks as you move away! Pikel completely misses you.
Pikel zaps a wand.
The bolt of acid hits you!
You die...

# #... ##.# #... ###
###.#.####..) ##.#
#.................####...
..................'......
#.....##5.........####...
#.....##K#....$..# ##.#.#
#.# #.# .....# #.....
#.######@# ..(# ##.###
#........####'## #.# #
#.#######......# #.# #.#
#.###..#### #.# #.#
#.........###.# #.#
#.##........<.#
#.#######.#.....#.#####
#..)....#.##...##.#
#######.#......##.#


You could see Pikel and a lemure.

Vanquished Creatures
  A phantom (D:2)
  3 lemures (D:4)
  2 bullfrogs (Sewer)
  5 river rats
  7 adders
  2 ufetubi (D:4)
  2 dart slugs
  4 bats
  7 endoplasms
  3 giant cockroaches
  2 jackals (D:1)
  2 quokkas
  19 ball pythons
  4 frilled lizards
  9 goblins
  5 kobolds
  36 rats
113 creatures vanquished.

Notes
Turn   | Place    | Note
-------+----------+-------------------------------------------
     0 | D:1      | CInkIbrahim the Vine Stalker Gladiator began the quest for
                  | the Orb.
     0 | D:1      | Reached XP level 1. HP: 11/11 MP: 2/2
   105 | D:1      | Reached skill level 3 in Long Blades
   107 | D:1      | Reached XP level 2. HP: 12/15 MP: 3/3
   370 | D:1      | Found Zojak's Book Boutique.
   377 | D:1      | Reached XP level 3. HP: 18/18 MP: 4/4
   696 | D:2      | Found Dobing's Antique Armour Boutique.
   709 | D:2      | Reached skill level 4 in Long Blades
   951 | D:2      | Gained mutation: Your natural rate of healing is unusually
                  | fast. [Vine Stalker growth]
   951 | D:2      | Reached XP level 4. HP: 23/23 MP: 5/5
   996 | D:2      | Identified a scroll of acquirement
   996 | D:2      | Acquired the +3 pair of mountain boots {steadfast, rC+}
   996 | D:2      | Found the +3 pair of mountain boots {steadfast, rC+}
  1063 | D:2      | Noticed a phantom
  1088 | D:2      | Killed a phantom
  1089 | D:2      | Reached skill level 5 in Long Blades
  1089 | D:2      | Reached XP level 5. HP: 26/26 MP: 6/6
  1386 | D:2      | Bought a glowing scarf for 152 gold pieces
  1594 | D:4      | Found a glowing drain.
  1740 | Sewer    | Entered a sewer
  1855 | Sewer    | Reached XP level 6. HP: 28/30 MP: 5/7
  1871 | Sewer    | Reached skill level 6 in Long Blades
  2462 | D:4      | Noticed Pikel
  2563 | D:4      | Killed from afar by Pikel

Illustrated notes

Levels and vault maps discovered:
D:1:      scummos_arrival_simple_crosswalls, layout_basic, serial_shops, shop,
          skrybe_limestone_x
D:2:      layout_loops_ring, serial_shops, nicolae_shop_waterfront,
          grunt_ministairs_15, kennysheep_path_1, guppyfry_early_lair_pool
D:3:      layout_loops_ring, gammafunk_temple_overflow_claw,
          ebering_ghost_sewer_f, supply_closet_lemuel, uniq_sigmund,
          uniq_jessica
D:4:      old_forge, layout_loops_corners, grunt_temple_overflow_open,
          portal_sewer_entry_e, uniq_natasha, uniq_pikel

Skill      XL: |  1  2  3  4  5  6 |
---------------+-------------------+-----
Long Blades    | 3 4 5 6 |  6.9
Fighting       | |  1.7
Throwing       | |  1.7
Dodging        | |  2.4

Action                     |  1- 3 |  4- 6 || total
---------------------------+-------+-------++-------
  Melee: Long sword        |    27 |       ||    27
         Bite              |    16 |    83 ||    99
         Short sword       |    48 |   316 ||   364
         Punch             |       |     2 ||     2
    Use: Scroll            |       |     3 ||     3
         Potion            |       |     2 ||     2
   Stab: Sleeping          |     3 |       ||     3
 Armour: Leather armour    |    17 |       ||    17
         Ring mail         |    12 |   132 ||   144
  Dodge: Dodged            |    38 |   192 ||   230
